Map: Void Thrashing

Players

TempIar

  • Race: Zerg Zerg

Eravel

  • Race: Protoss Protoss
  • Spawn Location: 6:00

VOD

Have the link to the VOD?

Description

Time

  • Played on: Sept. 6, 2019, 5:01 p.m.
  • Length: 14:04
Show
View Real Time Build Order
Export as new Build Order

TempIar Zerg 

Build Orders:  

Get SALT Encoding   

  18  0:03  Primal Drone  
  19  0:15  Primal Drone  
  20  0:27  Primal Drone x2  
  22  0:34  Extractor  
  22  0:45  Primal Drone  
  22  0:49  Extractor  
  23  0:56  Primal Drone  
  24  1:07  Primal Drone  
  25  1:22  Primal Drone  
  26  1:37  Primal Drone  
  28  1:45  Primal Warden  
  28  1:56  Primal Drone  
  29  2:14  Primal Drone  
  30  2:34  Primal Drone  
  31  2:46  Primal Drone  
  32  2:50  Primal Zergling  
  38  3:11  Primal Drone, Primal Attacks Level 1  
  38  3:12  Primal Hive  
  38  3:19  Primal Drone  
  40  3:34  Glevig's Den  
  39  3:48  Primal Drone x2  
  42  4:01  Primal Drone  
  42  4:03  Primal Warden  
  43  4:28  Primal Drone  
  44  4:40  Primal Warden  
  44  4:46  Primal Drone  
  45  5:01  Primal Hive, Primal Zergling  
  46  5:16  Primal Drone x3  
  46  5:17  Primal Drone x3  
  46  5:18  Extractor  
  52  5:29  Primal Zergling  
  53  5:30  Primal Zergling x2  
  53  5:31  Primal Zergling  
  53  5:37  Murvar's Den  
  55  6:01  Primal Drone x2  
  55  6:02  Primal Drone x4  
  55  6:07  Extractor  
  55  6:09  Primal Drone  
  62  6:10  Primal Attacks Level 2  
  62  6:14  Primal Carapace Level 1  
  62  6:19  Ravasaur  
  62  6:20  Ravasaur x2  
  62  6:28  Enlarged Parotid Glands  
  62  6:56  Primal Drone  
  62  6:57  Primal Drone x4  
  67  7:21  Primal Drone  
  67  7:22  Primal Drone x2  
  71  7:35  Primal Warden  
  71  7:37  Primal Warden  
  72  8:10  Dakrun's Den  
  72  8:19  Primal Zergling x2  
  73  8:20  Primal Zergling x2  
  73  8:23  Dissolving Acid  
  69  9:00  Ravasaur  
  69  9:01  Ravasaur  
  69  9:07  Primal Carapace Level 2  
  69  9:35  Primal Drone x4  
  69  9:36  Primal Drone  
  69  9:57  Primal Attacks Level 3  
  69  10:33  Primal Ultralisk  
  69  10:34  Primal Ultralisk x6  
  111  11:15  Primal Zergling  
  111  11:16  Primal Zergling x6  
  118  11:22  Healing Adaptation  
  118  11:59  Primal Ultralisk  
  124  12:00  Primal Ultralisk x2  
  124  12:01  Primal Zergling  
  124  12:02  Primal Zergling x11  
  139  12:22  Barrage of Spikes  
  133  13:19  Primal Ultralisk x2  
  143  13:20  Primal Zergling  
  143  13:21  Primal Zergling x12  
  143  13:22  Primal Zergling x5  
Show
View Real Time Build Order
Export as new Build Order

Eravel Protoss 

Build Orders:  

Get SALT Encoding   

  12  0:03  Probe (Chrono Boost)  
  13  0:16  Probe (Chrono Boost)  
  14  0:27  Probe (Chrono Boost)  
  15  0:31  Assimilator  
  15  0:39  Probe (Chrono Boost)  
  17  0:50  Probe (Chrono Boost)  
  17  0:51  Assimilator  
  17  1:02  Probe (Chrono Boost)  
  18  1:11  Pylon  
  18  1:13  Probe (Chrono Boost)  
  20  1:30  Probe (Chrono Boost)  
  20  1:39  Gateway  
  20  1:41  Cybernetics Core  
  20  1:42  Probe (Chrono Boost)  
  21  1:53  Probe (Chrono Boost)  
  22  2:04  Robotics Facility  
  22  2:05  Probe (Chrono Boost)  
  23  2:18  Probe (Chrono Boost)  
  24  2:22  Pylon  
  24  2:28  Warp Gate  
  25  2:30  Probe (Chrono Boost)  
  25  2:36  Legionnaire  
  25  2:49  Kaldalis' A.I. Personality  
  28  2:56  Adept  
  30  3:10  Talis' A.I. Personality  
  31  3:21  Probe (Chrono Boost)  
  31  3:28  Optimized Emitters  
  31  3:37  Immortal  
  35  3:51  Taldarin's A.I. Personality  
  35  3:52  Pylon  
  35  4:01  Conservator  
  37  4:41  Protoss Air Weapons Level 1  
  37  4:43  Nexus  
  37  4:47  Assimilator  
  37  4:52  Assimilator  
  38  5:00  Probe (Chrono Boost)  
  38  5:17  Forge, Probe (Chrono Boost)  
  38  5:19  Forge  
  39  5:28  Pylon  
  40  5:33  Conservator  
  40  5:36  Probe (Chrono Boost)  
  40  5:48  Legionnaire  
  43  5:58  Probe (Chrono Boost)  
  44  6:03  Observation Protocol  
  44  6:09  Probe (Chrono Boost)  
  45  6:21  Probe (Chrono Boost)  
  43  6:32  Probe (Chrono Boost)  
  43  6:38  Conservator  
  46  6:44  Probe x2 (Chrono Boost)  
  48  6:56  Probe x2 (Chrono Boost)  
  50  7:05  Robotics Bay  
  50  7:07  Probe (Chrono Boost), Twilight Council  
  51  7:12  Gateway, Pylon  
  51  7:14  Gateway, Pylon x2, Conservator  
  51  7:25  Legionnaire  
  54  7:32  Probe (Chrono Boost)  
  54  7:33  Probe (Chrono Boost)  
  56  7:43  Purifier Armaments  
  56  7:44  Probe (Chrono Boost), Protoss Air Armor Level 1  
  57  8:04  Debilitation System  
  57  8:12  Stargate  
  57  8:15  Fleet Beacon  
  57  8:22  Colossus  
  57  8:26  Warbringer's A.I. Personality  
  64  8:30  Probe (Chrono Boost)  
  64  8:55  Protoss Ground Armor Level 1  
  64  9:02  Protoss Shields Level 1  
  64  9:04  Empowered Blades  
  61  9:21  Scout  
  61  9:26  Mojo's A.I. Personality  
  62  9:40  Legionnaire  
  62  9:42  Conservator  
  65  9:51  Carrier  
  71  10:01  Purification Blast  
  71  10:03  Combat Sensor Array  
  71  10:04  Psionic Projection  
  71  10:08  Probe (Chrono Boost)  
  71  10:09  Probe (Chrono Boost)  
  69  10:20  Probe x2 (Chrono Boost)  
  69  10:24  Protoss Air Weapons Level 2  
  69  10:26  Clolarion's A.I. Personality  
  69  10:35  Legionnaire  
  70  10:43  Conservator, Protoss Ground Weapons Level 1  
  70  10:54  Protoss Ground Armor Level 2  
  70  11:02  Graviton Catapult  
  70  11:04  Legionnaire, Adept  
  70  11:05  Conservator  
  79  11:20  Probe (Chrono Boost)  
  79  11:21  Probe (Chrono Boost)  
  79  11:31  Gravimetric Overload  
  76  11:42  Conservator  
  76  12:09  Legionnaire, Adept, Conservator  
  83  12:22  Suppression Procedure  
  83  12:28  Gateway  
  83  12:30  Gateway  
  83  12:33  Gateway  
  83  12:37  Pylon  
  83  12:39  Pylon  
  83  12:42  Pylon  
  83  12:44  Pylon  
  83  12:47  Legionnaire, Adept  
  83  12:48  Conservator  
  87  13:17  Legionnaire, Adept  
  87  13:29  Observer  
Tags
 
Add a new tag
Caveats
  • Supply blocks, unpowered buildings, or Contaminate may cause inaccurate times.
  • Supply counts are checked every 10 seconds.